Match 40312662
Unlisted

Match 40312662
End
Construct Weapon Support Center
Selects Heavy Weapons
M1919 Machine Gun Team
M1919 Machine Gun Team
Bazooka Squad
Bazooka Squad
Infantry Support Center
Selects M2HB .50cal Heavy Machine Gun
Construct Motor Pool
Selects Assault Carriers
M3 Assault Carrier
Construct Barracks
Riflemen Squad
Riflemen Squad
M1918 Browning Automatic Rifles
Engineer Squad
TidaL
サキエル
sleepysmartass5
KnDGOD
Cesare
Trickle Down Artillery
Oz
i love you
0
0

Comments sign in to comment!

No comments posted yet!